 Dungeon Crawl Stone Soup version 0.20-a0-681-gf83e07f (webtiles) character file.

44 Hipnos the Chiller (level 3, 0/19 HPs)
             Began as a Deep Elf Ice Elementalist on Feb 18, 2017.
             Slain by a gnoll
             ... wielding a +0 halberd
              (7 damage)
             ... on level 2 of the Dungeon.
             The game lasted 00:08:35 (1541 turns).

Hipnos the Chiller (Deep Elf Ice Elementalist)      Turns: 1541, Time: 00:08:36

Health: 0/19       AC:  6    Str:  5    XL:     3   Next: 39%
Magic:  10/10      EV: 12    Int: 20    God:
Gold:   110        SH:  0    Dex: 15    Spells: 6/9 levels left

rFire    . . .     SeeInvis .   (no weapon)
rCold    + . .     Gourm    .   q - +0 leather armour {rC+}
rNeg     . . .     Faith    .   (no shield)
rPois    .         Spirit   .   (no helmet)
rElec    .         Reflect  .   e - +0 cloak
rCorr    .         Harm     .   (no gloves)
MR       .....                  p - +1 pair of boots
Stlth    ++........             s - amulet of regeneration
Regen    0.5/turn               (no ring)
MPRegen  0.2/turn               (no ring)

@: no status effects
A: no striking features
a: no special abilities


You were on level 2 of the Dungeon.
You were not hungry.

You visited 1 branch of the dungeon, and saw 2 of its levels.

You collected 110 gold pieces.

Inventory:

Armour
 a - a +0 robe
 e - a +0 cloak (worn)
 p - a +1 pair of boots (worn)
 q - a +0 leather armour of cold resistance (worn)
Jewellery
 s - an amulet of regeneration (around neck)
Scrolls
 d - a scroll of amnesia
 g - a scroll of enchant weapon {unknown}
 k - a scroll of teleportation {unknown}
 l - a scroll of enchant armour
 n - 2 scrolls of remove curse {unknown}
 o - a scroll of magic mapping
 t - a scroll of immolation {unknown}
Potions
 f - 2 potions of lignification {unknown}
 h - a potion of berserk rage {unknown}
 i - a potion of curing {unknown}
 j - 2 potions of heal wounds {unknown}
 r - a potion of haste {unknown}
Books
 b - a book of Frost

   Spells                             Type                      Level
   a - Freeze                         Ice                          1
   b - Throw Frost                    Conjuration/Ice              2
   c - Ozocubu's Armour               Charms/Ice                   3
   d - Throw Icicle                   Conjuration/Ice              4
   e - Summon Ice Beast               Ice/Summoning                4
Comestibles
 c - a bread ration
 m - 5 fruits


   Skills:
 + Level 2.8 Dodging
 + Level 2.6 Stealth
 + Level 3.6 Spellcasting
 + Level 1.1 Conjurations
 + Level 4.2 Ice Magic


You had 6 spell levels left.
You knew the following spells:

 Your Spells              Type           Power        Failure   Level  Hunger
a - Freeze                Ice            ###.         4%          1    None
b - Throw Frost           Conj/Ice       ##....       12%         2    ##.....


Dungeon Overview and Level Annotations

Branches:
Dungeon (2/15)

Altars:


Message History

The kobold throws a stone.
The stone hits you but does no damage.
A gnoll comes into view. It is wielding a club.
The kobold throws a stone.
The stone barely misses you. The kobold barely misses you.
The gnoll hits you but does no damage.
You closely miss the kobold.
The gnoll shouts!
The kobold barely misses you. The gnoll closely misses you.
You closely miss the kobold. The kobold hits you with a club.
The gnoll hits you from afar with a spear.
The gnoll shouts!
You hit the kobold but do no damage.
The gnoll hits you from afar with a halberd.
The gnoll hits you from afar with a spear.
The kobold misses you.
Okay, then.
As you read the scroll labeled WUJOED KIEFEL, it crumbles to dust.
It is a scroll of enchant armour.
Your +0 pair of boots glows green for a moment.
The gnoll hits you from afar with a halberd!
You die...

#.# #.# #.# #.# #.#
#.# #.###.# #(#
#.#...# #.# #.#.###
#.# #.#.##########.###
#................#
###...........g#.#.#
.....#....g..gg.@#.#
####.#.........#K#,#
#.....###########.#**
#.#.#.#............,*
#.#.#.#.#...#####.#,*
##.............#,,,*,*
####.#.#.#.#.#)#,***,*
# #.#.#.#.#.#.#,,,,,*
# #.#.#.#.#.#.#******


You could see 4 gnolls and a kobold.

Vanquished Creatures
  An ooze (D:2)
  3 dart slugs
  3 orcs (D:2)
  3 bats
  3 giant cockroaches
  5 goblins
  3 hobgoblins
  3 kobolds
  A quokka (D:2)
  A frilled lizard (D:1)
26 creatures vanquished.

Notes
Turn   | Place    | Note
-------+----------+-------------------------------------------
     0 | D:1      | Hipnos the Deep Elf Ice Elementalist began the quest for the Orb.
     0 | D:1      | Reached XP level 1. HP: 10/10 MP: 6/6
   351 | D:1      | Reached XP level 2. HP: 15/15 MP: 4/8
   625 | D:1      | Learned a level 2 spell: Throw Frost
   866 | D:2      | Reached skill level 4 in Ice Magic
   898 | D:2      | Reached XP level 3. HP: 7/19 MP: 5/10
  1541 | D:2      | Slain by a gnoll

Vault maps used:
D:1:      saegor_arrival_simple_a
D:2:      guppyfry_early_orc_mine, uniq_crazy_yiuf_cottage

Skill      XL: |  1  2 |
---------------+-------+-----
Ice Magic      | 4 |  4.2
Dodging        | |  2.8
Stealth        | |  2.6
Spellcasting   | |  3.6
Conjurations   | |  1.1

Action                   || total
-------------------------++-------
Melee: Unarmed           ||     4
 Cast: Freeze            ||    47
       Throw Frost       ||     3
  Use: Scroll            ||     3
  Eat: Chunk             ||     2
Armor: Robe              ||     9
       Leather armour    ||     8
Dodge: Dodged            ||    32
